General information
- name: BNet
- type: Ladder team game (AT/RT)
- host: Battle.net
- saver: nonent
map: UpperKingdom
- players: 6
- length: 30:14
- speed: Fast
- version: 1.24 W3XP
- replay type: Public
» download(222 KB)
Players
team 1 (winner)
ERz (
purple | 128 APM | 3882 actions | 30:13)
6 Archmage
3 Blizzard
2 Brilliance Aura
1 Mass Teleport
6 Blood Mage
3 Flame Strike
1 Siphon Mana
1 Banish
1 Summon Phoenix
4 Naga Sea Witch
2 Forked Lightning
2 Mana Shield
» actions
| Assign group hotkey | 1297 | |
| Basic commands | 72 | |
| Build / train | 113 | |
| Enter build submenu | 26 | |
| Enter hero's abilities submenu | 17 | |
| Give item / drop item | 6 | |
| Right click | 1104 | |
| Select / deselect | 357 | |
| Select group hotkey | 695 | |
| Use ability | 195 | |
3882 total
» units
| Peasant | 15 | |
| Mortar Team | 4 | |
| Priest | 8 | |
| Sorceress | 5 | |
32 total
» upgrades
| Masonry | 3 | |
| Gunpowder | 3 | |
| Flare | 1 | |
| Magic Sentry | 1 | |
| Sorceress Training | 2 | |
| Fragmentation Shards | 1 | |
| Priest Training | 2 | |
13 total
» buildings
| Altar of Kings | 1 | |
| Lumber Mill | 1 | |
| Farm | 8 | |
| Scout Tower | 34 | |
| Arcane Tower | 3 | |
| Guard Tower | 14 | |
| Keep | 4 | |
| Blacksmith | 1 | |
| Workshop | 1 | |
| Arcane Sanctum | 1 | |
| Castle | 1 | |
| Town Hall | 3 | |
| Arcane Vault | 1 | |
73 total
» build order
00:08 Altar of Kings
00:20 Lumber Mill
00:35 Farm
01:09 Farm
01:21 Scout Tower
01:22 Scout Tower
01:23 Scout Tower
01:54 Arcane Tower
01:54 Arcane Tower
02:14 Guard Tower
02:48 Guard Tower
02:52 Scout Tower
02:52 Scout Tower
02:54 Scout Tower
02:55 Scout Tower
02:56 Scout Tower
02:56 Scout Tower
02:59 Scout Tower
03:37 Guard Tower
03:59 Keep
03:59 Keep
03:59 Keep
04:06 Guard Tower
04:15 Guard Tower
04:37 Blacksmith
04:56 Guard Tower
05:22 Guard Tower
05:24 Scout Tower
05:24 Scout Tower
05:40 Scout Tower
05:40 Scout Tower
05:41 Scout Tower
05:57 Farm
05:58 Farm
06:01 Guard Tower
06:42 Guard Tower
06:53 Workshop
07:20 Guard Tower
07:47 Arcane Sanctum
08:25 Castle
09:16 Farm
09:19 Farm
09:20 Farm
13:37 Town Hall
13:48 Arcane Vault
24:40 Farm
24:46 Scout Tower
24:46 Scout Tower
24:46 Scout Tower
24:47 Scout Tower
24:48 Scout Tower
24:48 Scout Tower
24:48 Scout Tower
24:49 Scout Tower
24:49 Scout Tower
24:50 Scout Tower
24:50 Scout Tower
26:23 Guard Tower
26:38 Guard Tower
26:39 Guard Tower
26:41 Town Hall
26:43 Town Hall
26:53 Arcane Tower
27:00 Guard Tower
27:01 Scout Tower
27:02 Scout Tower
» items
| Healing Salve | 4 | |
| Lesser Clarity Potion | 5 | |
| Scroll of Speed | 3 | |
| Orb of Lightning | 3 | |
| Scroll of Town Portal | 3 | |
| Potion of Healing | 4 | |
| Potion of Mana | 4 | |
| Staff of Sanctuary | 1 | |
27 total
fineX (
green | 72 APM | 2180 actions | 30:13)
5 Blood Mage
3 Flame Strike
2 Siphon Mana
5 Archmage
3 Blizzard
2 Brilliance Aura
4 Paladin
2 Holy Light
2 Divine Shield
» actions
| Assign group hotkey | 219 | |
| Basic commands | 1 | |
| Build / train | 79 | |
| Enter build submenu | 34 | |
| Enter hero's abilities submenu | 15 | |
| Give item / drop item | 1 | |
| Remove unit from queue | 1 | |
| Right click | 927 | |
| Select / deselect | 237 | |
| Select group hotkey | 516 | |
| Use ability | 150 | |
2180 total
» units
» upgrades
| Masonry | 3 | |
| Lumber Harvesting | 2 | |
| Storm Hammers | 1 | |
| Animal War Training | 1 | |
| Swords | 3 | |
| Armor | 3 | |
| Magic Sentry | 1 | |
| Gunpowder | 0 | |
14 total
» buildings
| Altar of Kings | 1 | |
| Farm | 9 | |
| Lumber Mill | 1 | |
| Scout Tower | 44 | |
| Arcane Tower | 2 | |
| Guard Tower | 12 | |
| Keep | 1 | |
| Arcane Vault | 1 | |
| Castle | 1 | |
| Gryphon Aviary | 2 | |
| Barracks | 1 | |
| Blacksmith | 1 | |
| Arcane Sanctum | 1 | |
| Workshop | 1 | |
| Cannon Tower | 5 | |
| Town Hall | 2 | |
85 total
» build order
00:06 Altar of Kings
00:07 Farm
00:21 Lumber Mill
00:56 Farm
01:36 Scout Tower
01:37 Scout Tower
01:39 Scout Tower
01:39 Scout Tower
02:04 Arcane Tower
02:53 Guard Tower
02:56 Guard Tower
03:39 Guard Tower
04:07 Scout Tower
04:08 Scout Tower
04:31 Keep
04:39 Scout Tower
04:40 Scout Tower
04:41 Scout Tower
04:41 Scout Tower
04:44 Arcane Tower
04:58 Arcane Vault
05:15 Guard Tower
05:17 Scout Tower
05:19 Scout Tower
05:41 Guard Tower
05:45 Scout Tower
05:56 Guard Tower
06:27 Guard Tower
06:30 Scout Tower
06:30 Scout Tower
06:31 Scout Tower
07:05 Guard Tower
07:10 Castle
07:12 Guard Tower
07:47 Guard Tower
09:38 Farm
09:42 Farm
09:43 Farm
09:49 Farm
09:53 Farm
10:20 Gryphon Aviary
10:23 Gryphon Aviary
10:42 Barracks
12:01 Blacksmith
14:16 Arcane Sanctum
15:30 Workshop
18:02 Scout Tower
18:04 Scout Tower
18:04 Scout Tower
18:06 Scout Tower
18:07 Scout Tower
18:08 Scout Tower
19:22 Cannon Tower
19:24 Cannon Tower
20:30 Scout Tower
20:32 Scout Tower
20:33 Scout Tower
20:34 Scout Tower
20:40 Town Hall
20:48 Scout Tower
20:49 Scout Tower
20:50 Scout Tower
20:52 Scout Tower
20:53 Scout Tower
20:54 Scout Tower
20:55 Scout Tower
21:03 Cannon Tower
22:57 Scout Tower
22:58 Scout Tower
23:00 Scout Tower
23:28 Guard Tower
25:11 Cannon Tower
25:13 Scout Tower
25:14 Scout Tower
25:45 Guard Tower
25:48 Town Hall
25:52 Scout Tower
25:53 Scout Tower
25:53 Scout Tower
25:53 Scout Tower
26:28 Cannon Tower
» items
| Healing Salve | 1 | |
| Lesser Clarity Potion | 3 | |
| Orb of Lightning | 2 | |
| Scroll of Town Portal | 1 | |
| Scroll of Speed | 2 | |
| Potion of Healing | 1 | |
10 total
nonent (
orange | 76 APM | 2302 actions | 30:14)
7 Blademaster
3 Wind Walk
3 Critical Strike
1 Bladestorm
» actions
| Assign group hotkey | 11 | |
| Build / train | 64 | |
| Enter build submenu | 49 | |
| Enter hero's abilities submenu | 8 | |
| Give item / drop item | 2 | |
| Right click | 862 | |
| Select / deselect | 165 | |
| Select group hotkey | 980 | |
| Use ability | 161 | |
2302 total
» units
» upgrades
| Liquid Fire | 1 | |
| Ranged Weapons | 2 | |
| Armor | 2 | |
| Spiked Barricades | 1 | |
6 total
» buildings
| Altar of Storms | 1 | |
| Orc Burrow | 4 | |
| War Mill | 1 | |
| Watch Tower | 72 | |
| Voodoo Lounge | 3 | |
| Stronghold | 1 | |
| Beastiary | 3 | |
| Fortress | 1 | |
| Great Hall | 3 | |
| Spirit Lodge | 1 | |
90 total
» build order
00:17 Altar of Storms
00:26 Orc Burrow
00:51 War Mill
01:37 Orc Burrow
02:05 Watch Tower
02:24 Watch Tower
02:44 Watch Tower
03:17 Watch Tower
03:19 Watch Tower
03:54 Voodoo Lounge
04:00 Stronghold
04:16 Watch Tower
04:35 Watch Tower
04:38 Watch Tower
04:58 Watch Tower
05:00 Watch Tower
05:25 Voodoo Lounge
05:27 Voodoo Lounge
05:34 Watch Tower
06:11 Watch Tower
06:44 Beastiary
06:47 Beastiary
06:49 Beastiary
07:11 Fortress
07:30 Watch Tower
08:46 Watch Tower
08:47 Watch Tower
08:48 Watch Tower
08:48 Watch Tower
08:49 Watch Tower
08:50 Watch Tower
08:50 Watch Tower
09:26 Orc Burrow
11:12 Orc Burrow
14:33 Great Hall
15:34 Watch Tower
15:34 Watch Tower
15:35 Watch Tower
15:35 Watch Tower
15:36 Watch Tower
16:13 Watch Tower
16:13 Watch Tower
17:47 Watch Tower
17:48 Watch Tower
17:49 Watch Tower
17:50 Watch Tower
17:51 Watch Tower
17:55 Watch Tower
17:56 Watch Tower
17:57 Watch Tower
17:58 Watch Tower
17:59 Watch Tower
18:00 Watch Tower
19:13 Watch Tower
20:06 Great Hall
20:50 Watch Tower
20:50 Watch Tower
20:51 Watch Tower
20:52 Watch Tower
20:53 Watch Tower
20:54 Watch Tower
20:54 Watch Tower
20:55 Watch Tower
20:56 Watch Tower
20:56 Watch Tower
20:58 Watch Tower
20:58 Watch Tower
20:59 Watch Tower
22:53 Watch Tower
22:55 Watch Tower
22:55 Watch Tower
22:56 Watch Tower
22:57 Watch Tower
24:05 Watch Tower
24:05 Watch Tower
24:06 Watch Tower
24:07 Watch Tower
26:49 Spirit Lodge
27:46 Great Hall
27:48 Watch Tower
27:49 Watch Tower
27:50 Watch Tower
27:50 Watch Tower
28:07 Watch Tower
28:19 Watch Tower
29:16 Watch Tower
29:18 Watch Tower
29:19 Watch Tower
29:55 Watch Tower
29:57 Watch Tower
» items
| Healing Salve | 3 | |
| Lesser Clarity Potion | 6 | |
| Potion of Healing | 4 | |
| Potion of Mana | 1 | |
| Orb of Lightning | 1 | |
15 total
team 2 (loser)
coffeecake (
pink | 70 APM | 2113 actions | 30:12)
4 Keeper of the Grove
2 Entangling Roots
2 Thorns Aura
3 Priestess of the Moon
1 Trueshot Aura
2 Searing Arrows
» actions
| Assign group hotkey | 46 | |
| Basic commands | 157 | |
| Build / train | 127 | |
| ESC pressed | 16 | |
| Enter build submenu | 27 | |
| Enter hero's abilities submenu | 7 | |
| Give item / drop item | 2 | |
| Remove unit from queue | 3 | |
| Right click | 1031 | |
| Select / deselect | 480 | |
| Select group hotkey | 113 | |
| Use ability | 104 | |
2113 total
» units
| Wisp | 35 | |
| Huntress | 3 | |
| Glaive Thrower | 19 | |
| Druid of the Claw | 18 | |
| Dryad | 5 | |
| Chimaera | 14 | |
94 total
» upgrades
| Druid of the Claw Training | 2 | |
| Reinforced Hides | 2 | |
| Strength of the Wild | 3 | |
| Mark of the Claw | 1 | |
| Corrosive Breath | 1 | |
9 total
» buildings
| Altar of Elders | 1 | |
| Moon Well | 9 | |
| Hunter's Hall | 1 | |
| Ancient of War | 2 | |
| Ancient Protector | 1 | |
| Tree of Ages | 2 | |
| Tree of Eternity | 4 | |
| Ancient of Lore | 3 | |
| Tree of Life | 1 | |
| Ancient of Wind | 1 | |
| Chimaera Roost | 2 | |
| Ancient of Wonders | 1 | |
28 total
» build order
00:15 Altar of Elders
00:20 Moon Well
01:30 Hunter's Hall
01:54 Ancient of War
02:08 Moon Well
02:36 Ancient Protector
03:50 Moon Well
04:45 Tree of Ages
04:45 Tree of Ages
06:50 Moon Well
08:34 Tree of Eternity
08:39 Ancient of Lore
08:43 Ancient of Lore
09:02 Ancient of War
09:30 Moon Well
10:39 Tree of Eternity
10:39 Tree of Eternity
10:39 Tree of Eternity
13:56 Moon Well
20:05 Tree of Life
23:36 Ancient of Wind
25:10 Chimaera Roost
25:12 Chimaera Roost
25:20 Moon Well
26:03 Ancient of Wonders
26:05 Moon Well
26:13 Ancient of Lore
26:16 Moon Well
khaltep (
red | 83 APM | 2498 actions | 30:06)
4 Archmage
2 Summon Water Elemental
2 Blizzard
» actions
| Assign group hotkey | 100 | |
| Basic commands | 1 | |
| Build / train | 64 | |
| Enter build submenu | 26 | |
| Enter hero's abilities submenu | 4 | |
| Remove unit from queue | 2 | |
| Right click | 1657 | |
| Select / deselect | 473 | |
| Select group hotkey | 124 | |
| Use ability | 47 | |
2498 total
» units
| Peasant | 20 | |
| Footman | 8 | |
| Knight | 13 | |
| Siege Engine | 8 | |
49 total
» upgrades
| Defend | 1 | |
| Lumber Harvesting | 2 | |
| Barrage | 1 | |
4 total
» buildings
| Altar of Kings | 1 | |
| Farm | 10 | |
| Barracks | 2 | |
| Lumber Mill | 1 | |
| Keep | 1 | |
| Scout Tower | 2 | |
| Arcane Tower | 2 | |
| Castle | 1 | |
| Blacksmith | 1 | |
| Workshop | 2 | |
| Town Hall | 2 | |
25 total
» build order
00:04 Altar of Kings
00:07 Farm
00:25 Barracks
01:09 Farm
01:49 Barracks
02:02 Farm
02:52 Lumber Mill
02:56 Farm
04:09 Keep
04:58 Farm
05:41 Scout Tower
06:10 Arcane Tower
06:16 Farm
06:43 Castle
07:02 Scout Tower
07:37 Arcane Tower
09:11 Blacksmith
10:58 Workshop
14:25 Workshop
19:48 Farm
20:26 Farm
21:04 Farm
25:21 Town Hall
26:09 Town Hall
27:28 Farm
WaffIe (
blue | 84 APM | 2532 actions | 30:03)
4 Archmage
2 Summon Water Elemental
2 Brilliance Aura
2 Blood Mage
1 Flame Strike
1 Siphon Mana
» actions
| Assign group hotkey | 73 | |
| Basic commands | 13 | |
| Build / train | 113 | |
| ESC pressed | 5 | |
| Enter build submenu | 27 | |
| Enter hero's abilities submenu | 7 | |
| Remove unit from queue | 2 | |
| Right click | 1481 | |
| Select / deselect | 607 | |
| Select group hotkey | 133 | |
| Use ability | 71 | |
2532 total
» units
| Peasant | 48 | |
| Footman | 12 | |
| Barbed Arachnathid | 1 | |
| Blue Dragonspawn Meddler | 1 | |
| Polar Furbolg Shaman | 1 | |
| Magnataur Warrior | 1 | |
| Rifleman | 2 | |
| Dragonhawk Rider | 2 | |
| Gryphon Rider | 4 | |
| Flying Machine | 3 | |
| Mortar Team | 3 | |
78 total
» upgrades
| Defend | 1 | |
| Lumber Harvesting | 1 | |
2 total
» buildings
| Altar of Kings | 1 | |
| Barracks | 1 | |
| Farm | 7 | |
| Lumber Mill | 1 | |
| Scout Tower | 21 | |
| Guard Tower | 15 | |
| Keep | 3 | |
| Town Hall | 2 | |
| Blacksmith | 1 | |
| Gryphon Aviary | 2 | |
| Arcane Vault | 1 | |
| Castle | 1 | |
| Workshop | 1 | |
57 total
» build order
00:06 Altar of Kings
00:20 Barracks
00:36 Farm
01:02 Farm
01:26 Lumber Mill
01:59 Farm
02:41 Scout Tower
03:16 Guard Tower
04:08 Keep
04:16 Scout Tower
04:17 Scout Tower
04:17 Scout Tower
04:55 Guard Tower
04:55 Guard Tower
05:39 Keep
06:55 Scout Tower
06:56 Scout Tower
07:23 Guard Tower
09:57 Keep
10:38 Guard Tower
14:02 Town Hall
14:15 Farm
15:20 Scout Tower
17:34 Guard Tower
17:39 Blacksmith
18:36 Scout Tower
18:38 Scout Tower
18:39 Scout Tower
18:43 Scout Tower
18:44 Scout Tower
18:46 Scout Tower
19:08 Guard Tower
19:16 Guard Tower
19:37 Guard Tower
19:45 Guard Tower
20:10 Guard Tower
20:12 Guard Tower
21:22 Scout Tower
21:23 Scout Tower
21:24 Scout Tower
21:25 Scout Tower
21:26 Scout Tower
21:27 Scout Tower
21:27 Scout Tower
21:28 Scout Tower
22:00 Gryphon Aviary
22:03 Gryphon Aviary
22:05 Guard Tower
22:06 Guard Tower
22:06 Guard Tower
23:32 Arcane Vault
23:34 Castle
26:38 Farm
26:39 Farm
26:39 Farm
26:43 Town Hall
26:48 Workshop
» items
| Potion of Mana | 1 | |
| Potion of Healing | 2 | |
| Scroll of Town Portal | 1 | |
4 total
Chat log
(00:04 / All) nonent: happy 9/11 gl hf
(00:12 / Allies) fineX: down upking its gay as shit
(00:15 / All) WaffIe: im getting married tmrw
(00:24 / All) fineX: wow grats man :)
(00:24 / Allies) ERz: ok i swap rice fields
(00:25 / All) WaffIe: playing w/ da groomsmen
(00:35 / All) fineX: .........................NOT!!1 I HOPE UR WIFE FUCKING LEAVES U U GAY NIGGER
(00:36 / All) nonent: which state is that legal in
(00:43 / All) nonent: marrying another man
(00:44 / Allies) ERz: why did u say wife if hes gay lol
(00:51 / Allies) ERz: missed oppoortunity for another burn
(00:52 / Allies) ERz: noobie
(00:53 / All) coffeecake: you guys fail, qq
(00:59 / All) coffeecake: alt q q my b
(01:07 / All) fineX: hey but honestly grats on ur marriage bro hope it lasts :)
(01:13 / All) WaffIe: :-D
(01:16 / All) khaltep: <3
(01:17 / Allies) nonent: lmao
(01:25 / Allies) fineX: im gonna go trip aoe
(01:32 / Allies) nonent: wow u stay manner
(01:43 / Allies) nonent: was gonna say was gonna rape his wife
(01:44 / Allies) fineX: i knoi
(01:46 / Allies) ERz: finex finex making good hero, WTF
(01:52 / Allies) nonent: but now i really can't can i
(02:02 / Allies) ERz: rape is no laughing matter
(02:06 / Allies) ERz: unless ur the one doin tha rapin
(02:13 / Allies) fineX: i met a gr8 girl who has mellowed me out nonent
(02:21 / Allies) nonent: wisp scout
(02:26 / Allies) ERz: rap is only 1 letter off RAPE and niggers do both?? coincidence/?
(02:26 / Allies) fineX: peon scout
(02:35 / Allies) nonent: lol
(02:45 / Allies) fineX: blood mage owns
(02:46 / Allies) fineX: cuz he got good dps
(02:55 / Allies) fineX: and his attack anim.cool
(03:24 / Allies) fineX: tower
(04:10 / Allies) nonent: finex as usual u towers suck
(04:13 / Allies) fineX: tower dudes
(04:23 / Allies) fineX: towers
(04:23 / Allies) nonent: oh wow
(04:24 / Allies) fineX: goin up
(04:32 / Allies) nonent: how will that work against us
(04:41 / Allies) nonent: morts?
(04:49 / Allies) fineX: tower mort i guess
(04:54 / Allies) fineX: get rid of it neway shits annoying
(05:13 / Allies) nonent: only 3
(05:33 / Allies) fineX: failcase
(05:35 / Allies) fineX: a big case
(05:38 / Allies) fineX: and its full of fail
(05:49 / All) nonent: epic\
(06:04 / Allies) fineX: lmao @ blue
(06:06 / Allies) nonent: lmao
(06:14 / All) fineX: i hope ur better at sex than u r base defence
(06:16 / Allies) ERz: i never haver any idea whos what color
(06:23 / Allies) ERz: i just play ally oclors
(06:34 / Allies) nonent: care
(06:38 / Allies) nonent: lmao nub
(06:42 / Allies) fineX: a gay colorblind noob??
(06:45 / Allies) fineX: man i got delay ok
(07:03 / All) nonent: i like tier1
(07:07 / All) nonent: good units
(07:14 / All) nonent: good times
(07:17 / All) fineX: SHUT THE FUCK UPO1!!!!
(09:23 / Allies) fineX: i love no ud
(09:28 / Allies) nonent: lol
(09:28 / Allies) fineX: can cluster the FUCK outta my towers
(10:13 / Allies) fineX: ill gryph i guess
(10:40 / Allies) nonent: ankh of 500 gold
(10:51 / Allies) nonent: oh 225
(10:56 / Allies) fineX: noob
(11:04 / Allies) fineX: scared mamith
(11:19 / Allies) nonent: lol
(11:34 / Allies) nonent: blue still tier 1
(12:12 / Allies) nonent: hm
(12:27 / Allies) fineX: ultra fast glaive production lol
(12:49 / Allies) fineX: k
(12:50 / Allies) fineX: omw
(12:51 / Allies) fineX: wait up
(12:54 / Allies) fineX: or u know
(12:55 / Allies) fineX: dont
(12:58 / Allies) fineX: thats coo
(13:02 / Allies) nonent: ground is 4 u
(13:13 / Allies) fineX: lets do it babe
(13:14 / Allies) nonent: fuck lol
(13:45 / Allies) nonent: thx
(13:57 / Allies) nonent: mine lol
(14:22 / Allies) ERz: bears
(14:25 / Allies) ERz: knights
(14:25 / Allies) nonent: lolz
(14:33 / Allies) fineX: nothin a couple gryph cant handle
(14:48 / Allies) fineX: lmao at blue
(14:55 / Allies) fineX: never has any peasant
(14:57 / Allies) nonent: he's getting married too
(15:24 / Allies) fineX: tanks
(15:25 / Allies) ERz: tank
(15:51 / Allies) fineX: omw
(16:54 / Allies) ERz: i coming quik as i can!!
(16:57 / Allies) nonent: k
(17:44 / Allies) nonent: they leave soon i think
(18:40 / Allies) fineX: u can count on me
(18:45 / Allies) nonent: thxs
(19:01 / Allies) nonent: 6 yay
(19:13 / Allies) fineX: kewl
(19:25 / Allies) nonent: i should get orb
(19:33 / Allies) nonent: lets just farm these guys all game and not try to beat them
(21:12 / Allies) nonent: shti son
(21:19 / Allies) fineX: no..
(21:20 / Allies) fineX: why..
(21:25 / All) fineX: FUCK U!!!!!!!!!!!
(21:38 / Allies) nonent: they leave now
(22:12 / Allies) nonent: ill be nice to blue
(22:19 / Allies) fineX: ya hesg ettin married
(22:38 / Allies) nonent: he hires mercs too
(23:22 / Allies) fineX: lmao mercs
(27:27 / Allies) ERz: funy game
(27:31 / All) nonent: funy
(27:33 / All) fineX: who here violate the sanctity of marriage
(27:38 / All) nonent: meeee
(27:47 / All) WaffIe: ur 15 right ?
(27:50 / All) fineX: 16
(27:55 / All) nonent: 16
(29:59 / All) WaffIe: ty for a retarded game...
(30:03 / All) nonent: ur welcome!
(30:05 / All) ERz: ty for being retard!!
(30:06 / All) fineX: get fucked faggot